 Dungeon Crawl Stone Soup version 0.30-a0-722-g3e6e8c874d (webtiles) character file.

Game seed: 13409940914123381881

2942 retardedninja the Trooper (level 9, -3/71 HPs)
             Began as a Demonspawn Gladiator on Jan 27, 2023.
             Slain by a yak (13 damage)
             ... on level 5 of the Dungeon.
             The game lasted 00:10:34 (8970 turns).

retardedninja the Trooper (Demonspawn Gladiator)    Turns: 8970, Time: 00:10:34

Health: -3/71      AC: 15    Str: 19    XL:     9   Next: 51%
Magic:  9/9        EV:  7    Int: 13    God:
Gold:   366        SH:  0    Dex: 13    Spells: 8/8 levels left

rFire   . . .      SeeInvis .    a - +0 trident
rCold   . . .      Faith    .    (no shield)
rNeg    . . .      Spirit   .    D - +0 plate armour
rPois   .          Reflect  .    c - +0 helmet
rElec   .          Harm     .    v - +0 cloak
rCorr   .          Rampage  .    (no gloves)
Will    .....      Clarity  +    q - +0 pair of boots Stlth
                                 F - amulet of the acrobat
HPRegen 0.31/turn                (no ring)
MPRegen 0.11/turn                (no ring)

@: about to teleport
A: molten scales 1, demonic magic 1, demonic touch 2, clarity, clever 1
a: no special abilities


You were on level 5 of the Dungeon.
You visited 2 branches of the dungeon, and saw 7 of its levels.
You also visited: Sewer and Ossuary.

You collected 366 gold pieces.

Inventory:

Hand Weapons
 a - a +0 trident (weapon)
Missiles
 d - 3 throwing nets (quivered)
 e - a javelin
Armour
 c - a +0 helmet (worn)
 q - a +0 pair of boots (worn)
 v - a +0 cloak (worn)
 D - a +0 plate armour (worn)
Jewellery
 E - an amulet of regeneration
 F - an amulet of the acrobat (around neck)
 H - a ring of willpower
Wands
 o - a wand of roots (4)
 w - a wand of paralysis (12)
Scrolls
 g - 3 scrolls of fear {unknown}
 h - 3 scrolls of poison {unknown}
 k - 2 scrolls of noise {unknown}
 m - 3 scrolls of fog
 n - 2 scrolls of magic mapping {unknown}
 p - 2 scrolls of amnesia {unknown}
 s - 2 scrolls of brand weapon {unknown}
 t - 2 scrolls of blinking {unknown}
 u - 3 scrolls of teleportation
 y - 3 scrolls of enchant weapon {unknown}
 C - a scroll of enchant armour {unknown}
 G - 3 scrolls of immolation {unknown}
 J - a scroll of butterflies {unknown}
 K - a scroll of vulnerability {unknown}
Potions
 b - a potion of berserk rage {unknown}
 f - 4 potions of attraction
 i - 2 potions of cancellation
 j - 3 potions of flight
 l - 3 potions of brilliance {unknown}
 r - 3 potions of degeneration {unknown}
 x - a potion of invisibility {unknown}
 z - 2 potions of curing
 B - a potion of heal wounds {unknown}
 I - a potion of magic {unknown}


   Skills:
 + Level 6.9 Fighting
 + Level 6.7 Polearms
 + Level 6.2 Throwing
 + Level 6.6 Dodging


You had 8 spell levels left.
You didn't know any spells.
Your spell library contained the following spells:

 Spells                   Type           Power      Damage    Failure   Level
 Apportation              Tloc           0%         N/A       100%        1
 Beastly Appendage        Tmut           0%         N/A       100%        1
 Freeze                   Ice            0%         1d3       100%        1
 Ensorcelled Hibernation  Hex/Ice        0%         N/A       100%        2
 Passwall                 Tmut/Erth      0%         N/A       100%        2
 Wereblood                Tmut           0%         N/A       100%        2
 Frozen Ramparts          Ice            0%         1d1       100%        3
 Hailstorm                Conj/Ice       0%         3d3       100%        3
 Spider Form              Tmut/Pois      0%         N/A       100%        3
 Swiftness                Air            0%         N/A       100%        3
 Alistair's Intoxication  Tmut/Pois      0%         N/A       100%        5
 Chain Lightning          Conj/Air       0%         N/A       100%        9
 Fire Storm               Conj/Fire      0%         5d1       100%        9
 Shatter                  Erth           0%         3d5*      100%        9


Dungeon Overview and Level Annotations

Branches:
Dungeon (6/15)             Temple (1/1) D:5           Sewer (visited)
Ossuary (visited)

Altars:
Ashenzari
Cheibriados
Fedhas
Gozag
Kikubaaqudgha
Nemelex Xobeh
Okawaru
Sif Muna
Vehumet
Wu Jian
Xom

Shops:
D:2 ((**[

Annotations:
D:4 3 runed translucent doors, SpyderV's ghost, amateur DsFi


Innate Abilities, Weirdness & Mutations

You are partially covered in molten scales. (AC +2)
Spells you cast may paralyse adjacent enemies.
Your touch may inflict irresistible damage on your foes.
You possess an exceptional clarity of mind.
Your mind is acute. (Int +4, Str/Dex -1)


Message History

You kill the yak!
The yak gores you! The yak gores you.
Unknown command.
You puncture the yak!
The yak is moderately wounded.
Unknown command.
You hit the yak but do no damage.
The yak is moderately wounded.
The yak gores you but does no damage. x3
Unknown command.
You hit the yak.
The yak is moderately wounded.
The yak gores you! The yak gores you but does no damage. The yak gores you.
Unknown command.
You hit the yak but do no damage.
The yak is moderately wounded.
The yak gores you. The yak barely misses you. x2
Unknown command.
You are too injured to fight recklessly!
You closely miss the yak. You punch the yak.
The yak is lightly wounded.
The yak gores you. x2; The yak gores you but does no damage.
The yak attacks as you move away! The yak gores you!
* * * LOW HITPOINT WARNING * * *
The yak barely misses you.
There is a stone staircase leading up, spattered with blood here.
The yak gores you but does no damage. The yak gores you!
* * * LOW HITPOINT WARNING * * *
The yak gores you but does no damage.
You climb upwards.
There is a stone staircase leading down here.
It was a potion of mutation.
You feel extremely strange.
Your thoughts seem clearer.
You feel clever. The yak gores you.
* * * LOW HITPOINT WARNING * * *
The yak gores you but does no damage. x2
As you read the scroll of teleportation, it crumbles to dust.
You feel strangely unstable. The yak gores you but does no damage.
The yak gores you!
You die...

##...#
##########....#
##............##
#.....###.....##
#..#### ####...###
#.## #...... #.##
##...... #Y.###
##....###
#@Y..#####.<..## #
##Y..........##
###.......)...#
###.............###
#...(.............###
#.#########..........
#.# ###........ ###
#........ #........


You could see 3 yaks.

Vanquished Creatures
  A komodo dragon (D:5)
  Sigmund (D:2)
  2 steam dragons (D:6)
  A wraith (Ossuary)
  A yak (D:6)
  An orc warrior (D:6)
  2 ogres
  2 centaurs (D:5)
  A phantom (D:5)
  A kobold brigand (D:6)
  2 bullfrogs (Sewer)
  2 necrophages (D:4)
  4 scorpions
  A howler monkey (D:6)
  4 hounds
  4 orc priests
  Natasha (thrice) (D:2)
  2 iguanas (D:5)
  Ijyb (D:3)
  4 orc wizards
  A mummy (Ossuary)
  Robin (D:2)
  11 adders
  A gnoll (D:5)
  5 river rats (Sewer)
  An ufetubus (D:5)
  7 worms
  3 dart slugs
  31 orcs
  21 ball pythons
  5 bats
  4 endoplasms
  6 giant cockroaches
  22 goblins
  13 hobgoblins
  6 jackals
  9 kobolds
  4 quokkas
  6 frilled lizards
  6 gnoll skeletons (Ossuary)
  8 kobold skeletons (Ossuary)
  11 orc skeletons (Ossuary)
  24 rats
246 creatures vanquished.

Notes
Turn   | Place    | Note
-------+----------+-------------------------------------------
     0 | D:1      | retardedninja the Demonspawn Gladiator began the quest for
                  | the Orb.
     0 | D:1      | Reached XP level 1. HP: 16/16 MP: 1/1
   110 | D:1      | Gained mutation: Your touch may inflict minor irresistible
                  | damage on your foes. [demonic ancestry]
   110 | D:1      | Reached XP level 2. HP: 21/22 MP: 2/2
   818 | D:2      | Found Kiothrito's Weapon Boutique.
   822 | D:2      | Reached XP level 3. HP: 28/28 MP: 3/3
   840 | D:2      | Found Cahan's Antique Weapon Shop.
   986 | D:2      | Noticed Natasha
   999 | D:2      | Killed Natasha
  1000 | D:2      | Reached XP level 4. HP: 8/34 MP: 4/4
  1245 | D:2      | Found Virelyvo's General Store.
  1249 | D:2      | Noticed Sigmund
  1266 | D:2      | Killed Sigmund
  1267 | D:2      | Gained mutation: You are partially covered in molten
                  | scales. (AC +2) [demonic ancestry]
  1267 | D:2      | Reached XP level 5. HP: 32/41 MP: 5/5
  1326 | D:2      | Noticed Robin
  1330 | D:2      | Gained mutation: Spells you cast may paralyse adjacent
                  | enemies. [demonic ancestry]
  1330 | D:2      | Reached XP level 6. HP: 47/47 MP: 6/6
  1344 | D:2      | Killed Robin
  1397 | D:2      | Found Gestutatt's Armour Boutique.
  1412 | D:2      | Found Poceole's Assorted Antiques.
  1421 | D:2      | Noticed Natasha
  1433 | D:2      | Killed Natasha
  1663 | D:2      | Noticed Natasha
  1671 | D:2      | Killed Natasha
  2798 | D:3      | Noticed Ijyb
  2806 | D:3      | Killed Ijyb
  3372 | D:4      | Found a glowing drain.
  3399 | Sewer    | Entered a sewer
  3485 | Sewer    | Reached XP level 7. HP: 44/54 MP: 7/7
  3669 | Sewer    | Identified the +1 chain mail of the Undertaker {rN++ Int+3
                  | Dex+2}
  5275 | D:4      | Found a runed translucent gate.
  5275 | D:4      | Noticed SpyderV's ghost (amateur DsFi)
  5276 | D:4      | Found a runed translucent gate.
  5276 | D:4      | Identified the +2 whip of the Forsaken Spirits {venom, rF+}
  5277 | D:4      | Found a runed translucent gate.
  5303 | D:4      | Found the +7 staff of the Meek {protect, meekguard}
  5536 | D:5      | Entered Level 5 of the Dungeon
  5550 | D:5      | Reached skill level 5 in Fighting
  5550 | D:5      | Reached skill level 5 in Polearms
  5550 | D:5      | Reached skill level 5 in Dodging
  5550 | D:5      | Gained mutation: Your touch may inflict irresistible damage
                  | on your foes. [demonic ancestry]
  5550 | D:5      | Reached XP level 8. HP: 62/62 MP: 8/8
  6467 | D:5      | Found a staircase to the Ecumenical Temple.
  7043 | D:5      | Reached skill level 5 in Throwing
  7063 | D:5      | Noticed a komodo dragon
  7089 | D:5      | Killed a komodo dragon
  7305 | D:6      | Found a sand-covered staircase.
  7316 | Ossuary  | Entered an ossuary
  7378 | Ossuary  | Reached XP level 9. HP: 62/69 MP: 9/9
  8213 | Temple   | Entered the Ecumenical Temple
  8969 | D:5      | Gained mutation: You possess an exceptional clarity of
                  | mind. [potion of mutation]
  8969 | D:5      | Gained mutation: Your mind is acute. (Int +4, Str/Dex -1)
                  | [potion of mutation]
  8970 | D:5      | Slain by a yak

Illustrated notes

Levels and vault maps discovered:
D:1:      dpeg_arrival_court, layout_basic
D:2:      minmay_skewed_foursquare, layout_loops_ring, serial_shops,
          nicolae_diamond_shop, shop, shop, nicolae_diamond_shop, shop_statue,
          amcnicky_mini_corridor_feature, skrybe_limestone_x, uniq_natasha,
          uniq_sigmund, uniq_robin
D:3:      kennysheep_the_goblin_king, layout_basic, grunt_decor_resistance,
          wander_ebering_terrifying_dragon_lair
D:4:      layout_loops_corners, nicolae_elyvilon_peaceful_grove,
          biasface_ghost_orc_armoury, cheibrodos_sewer_entry_drain,
          pf_guarded_unrand_meek
D:5:      cheibrodos_barr_body, layout_layer_cave,
          minmay_temple_entry_from_below_a
D:6:      cheibrodos_steamvent, layout_rooms, nicolae_ossuary_entry_ruins,
          kennysheep_potato
Temple:   nicolae_temple_slightly_damp_pantheon

Skill      XL: |  1  2  3  4  5  6  7  8  9 |
---------------+----------------------------+-----
Throwing       | 2 3 4 5 6 |  6.2
Polearms       | 3 4 5 6 |  6.7
Dodging        | 3 4 5 6 |  6.6
Fighting       | 3 4 5 6 |  6.9

Action                     |  1- 3 |  4- 6 |  7- 9 || total
---------------------------+-------+-------+-------++-------
  Melee: Trident           |    91 |   254 |   438 ||   783
         Touch             |    11 |    38 |    76 ||   125
         Punch             |       |     1 |     5 ||     6
    Use: Scroll            |       |     2 |     3 ||     5
         Potion            |       |       |     7 ||     7
 Armour: Leather armour    |     8 |       |       ||     8
         Chain mail        |    25 |   143 |   151 ||   319
         Plate armour      |       |       |   171 ||   171
  Dodge: Dodged            |    22 |   112 |   225 ||   359

Table legend: (Time is in decaauts)
 A = Elapsed time spent in this place.
 B = Non-inter-level travel time spent in this place.
 C = Inter-level travel time spent in this place.
 D = Time resting spent in this place.
 E = Time spent auto-exploring this place.
 F = Levels seen in this place.
 G = Mean time per level.
                   A        B        C        D        E       F      G
               +--------+--------+--------+--------+--------+-----+--------+
         Total |   9055 |   8861 |    194 |   2641 |   4645 |   9 | 1006.1 |
       Dungeon |   7385 |   7209 |    176 |   2068 |   3988 |   6 | 1230.8 |
        Temple |    244 |    226 |     18 |      0 |    169 |   1 |  244.0 |
         Sewer |   1208 |   1208 |      0 |    573 |    362 |   1 | 1208.0 |
       Ossuary |    217 |    217 |      0 |      0 |    125 |   1 |  217.0 |
               +--------+--------+--------+--------+--------+-----+--------+

Top non-repeatable levels by time:
     D:5: 1775 daAuts
     D:4: 1315 daAuts
     D:2: 1250 daAuts
   Sewer: 1208 daAuts
     D:6: 1171 daAuts
     D:3: 1088 daAuts
     D:1: 782 daAuts
  Temple: 244 daAuts
 Ossuary: 217 daAuts
